 Dungeon Crawl Stone Soup version 0.20-a0-1000-g0e8f6bb (webtiles) character file.

158 inmateoo the Chopper (level 5, 0/46 HPs)
             Began as a Hill Orc Fighter on Apr 12, 2017.
             Slain by Robin
             ... wielding a +2 short sword of electrocution
              (18 damage)
             ... on level 3 of the Dungeon.
             The game lasted 00:02:08 (2009 turns).

inmateoo the Chopper (Hill Orc Fighter)             Turns: 2009, Time: 00:02:09

Health: 0/46       AC:  6    Str: 20    XL:     5   Next: 40%
Magic:  5/5        EV:  7    Int:  8    God:
Gold:   69         SH:  9    Dex: 10    Spells: 4/4 levels left

rFire    . . .     SeeInvis .   a - +0 war axe
rCold    . . .     Gourm    .   c - +0 shield
rNeg     . . .     Faith    .   b - +0 scale mail
rPois    .         Spirit   .   (no helmet)
rElec    .         Reflect  .   (no cloak)
rCorr    .         Harm     .   (no gloves)
MR       .....                  (no boots)
Stlth    ..........             (no amulet)
Regen    0.2/turn               (no ring)
MPRegen  0.1/turn               (no ring)

@: no status effects
A: no striking features
a: no special abilities


You were on level 3 of the Dungeon.
You were not hungry.

You visited 1 branch of the dungeon, and saw 3 of its levels.

You collected 69 gold pieces.

Inventory:

Hand Weapons
 a - a +0 war axe (weapon)
Armour
 b - a +0 scale mail (worn)
 c - a +0 shield (worn)
Jewellery
 m - an uncursed ring of flight {unknown}
Wands
 n - a wand of random effects (26/48)
Scrolls
 g - 2 scrolls of identify {unknown}
 j - 3 scrolls of teleportation
 l - a scroll of enchant armour {unknown}
Potions
 e - a potion of haste {unknown}
 h - a potion of agility {unknown}
 i - 2 potions of curing {unknown}
 k - a potion of lignification {unknown}
Comestibles
 f - 2 bread rations


   Skills:
 - Level 4.0 Fighting
 + Level 6.9 Axes
 - Level 3.2 Armour
 - Level 3.2 Shields


You had 4 spell levels left.
You didn't know any spells.

Dungeon Overview and Level Annotations

Branches:
Dungeon (3/15)

Altars:
Ru

Annotations:
D:3 Robin


Message History

You are too injured to fight recklessly!
You are too injured to fight recklessly!
You are too injured to fight recklessly!
You are too injured to fight recklessly!
You are too injured to fight recklessly!
You are too injured to fight recklessly!
You are too injured to fight recklessly!
You are too injured to fight recklessly!
You are too injured to fight recklessly!
Unknown command.
Your shield and scale mail prevent you from hitting Robin.
Robin is moderately wounded.
Robin completely misses you.
You barely miss Robin.
Robin is moderately wounded.
You block Robin's attack.
You hit Robin.
Robin is severely wounded.
Robin hits you but does no damage.
You are electrocuted!
You die...

.#.###############
##...............#
###############.#
#.# #.# #.# #.#
#.# #@# #g# #g#
#g# #g# #.# #.#
#.#


You could see Robin, a hobgoblin and 2 goblins.

Vanquished Creatures
  A hound (D:3)
  A bullfrog skeleton (D:3)
  An orc wizard (D:3)
  3 worms
  3 dart slugs
  A leopard gecko (D:1)
  4 orcs (D:3)
  4 giant cockroaches
  12 goblins
  6 hobgoblins
  4 jackals (D:1)
  A quokka (D:2)
  8 bats
  2 frilled lizards
  5 kobolds
  7 rats
63 creatures vanquished.

Notes
Turn   | Place    | Note
-------+----------+-------------------------------------------
     0 | D:1      | inmateoo the Hill Orc Fighter began the quest for the Orb.
     0 | D:1      | Reached XP level 1. HP: 19/19 MP: 1/1
    89 | D:1      | Reached skill level 3 in Axes
   182 | D:1      | Reached XP level 2. HP: 18/27 MP: 2/2
   592 | D:1      | Reached skill level 4 in Axes
   742 | D:1      | Reached XP level 3. HP: 33/33 MP: 3/3
  1390 | D:2      | Reached skill level 5 in Axes
  1409 | D:2      | Reached XP level 4. HP: 26/40 MP: 4/4
  1510 | D:3      | Reached skill level 6 in Axes
  1510 | D:3      | Reached XP level 5. HP: 6/46 MP: 5/5
  1510 | D:3      | HP: 1/46 [bullfrog skeleton (5)]
  1865 | D:3      | Found a sacrificial altar of Ru.
  1995 | D:3      | Noticed Robin
  2009 | D:3      | Slain by Robin

Vault maps used:
D:1:      lemuel_arrival_behind_the_door_large
D:2:      first_bread
D:3:      nicolae_ru_awakened_eye, uniq_robin, uniq_sigmund

Skill      XL: |  1  2  3  4 |
---------------+-------------+-----
Axes           | 3 4 5 6 |  6.9
Fighting       | 4 |  4.0
Armour         | |  3.2
Shields        | |  3.2

Action                   |  1- 3 |  4- 6 || total
-------------------------+-------+-------++-------
Melee: War axe           |   126 |    55 ||   181
  Use: Scroll            |     5 |       ||     5
       Potion            |       |     1 ||     1
  Eat: Chunk             |     2 |     2 ||     4
Armor: Scale mail        |    57 |    24 ||    81
Dodge: Dodged            |    38 |    15 ||    53
Block: Shield            |    69 |    25 ||    94
